Map: Blackburn LE

Players

MaxPax - Winner!

  • Race: Protoss Protoss

uThermal

  • Race: Terran Terran

Event: DreamHack SC2 Masters 2021 Fall

VOD

Have the link to the VOD?

Description

Time

  • Played on: Aug. 12, 2021, 10:11 a.m.
  • Length: 7:18

All games in this series

Show
View Real Time Build Order
Export as new Build Order

MaxPax Protoss - Winner!

Build Orders: 1 Gate Expand, Zealot Archon, Archon Drop, Dark Templar Rush 

Get SALT Encoding   

  12  0:00  Probe  
  13  0:12  Probe  
  14  0:17  Pylon  
  14  0:24  Probe (Chrono Boost)  
  15  0:36  Probe (Chrono Boost)  
  15  0:38  Gateway  
  16  0:45  Probe (Chrono Boost)  
  16  0:47  Assimilator  
  17  0:53  Probe  
  18  1:05  Probe  
  19  1:17  Probe  
  20  1:25  Cybernetics Core  
  20  1:37  Nexus  
  20  1:39  Probe  
  21  1:46  Pylon  
  21  1:51  Probe  
  22  1:54  Assimilator  
  22  2:01  Adept (Chrono Boost)  
  22  2:04  Probe  
  22  2:07  Warp Gate  
  25  2:16  Probe (Chrono Boost)  
  26  2:24  Adept  
  26  2:27  Probe (Chrono Boost)  
  29  2:31  Probe (Chrono Boost)  
  29  2:32  Twilight Council  
  31  2:45  Probe (Chrono Boost)  
  31  2:49  Robotics Facility, Probe (Chrono Boost)  
  34  2:59  Probe (Chrono Boost)  
  34  3:00  Probe (Chrono Boost)  
  34  3:04  Probe (Chrono Boost)  
  34  3:07  Probe  
  34  3:12  Dark Shrine  
  36  3:16  Probe  
  36  3:19  Gateway  
  37  3:20  Probe  
  38  3:28  Probe  
  38  3:30  Gateway  
  39  3:34  Probe  
  39  3:37  Warp Prism (Chrono Boost)  
  42  3:42  Probe  
  44  3:48  Shield Battery, Probe  
  44  3:52  Pylon  
  44  3:54  Probe  
  45  4:05  Pylon  
  45  4:06  Probe  
  46  4:12  Stalker  
  46  4:14  Assimilator  
  48  4:18  Assimilator  
  48  4:20  Shield Battery  
  48  4:22  Pylon  
  48  4:23  Immortal (Chrono Boost)  
  52  4:32  Dark Templar  
  52  4:33  Dark Templar  
  56  4:45  Shield Battery  
  56  4:47  Pylon  
  56  4:50  Dark Templar  
  58  4:59  Warp Prism (Chrono Boost)  
  56  5:01  Probe  
  57  5:13  Probe  
  58  5:15  Stalker x2  
  58  5:16  Probe  
  63  5:25  Probe  
  63  5:28  Probe  
  65  5:32  Pylon  
  65  5:37  Archon  
  65  5:42  Nexus  
  63  5:51  Stalker  
  63  5:52  Dark Templar x2  
  63  5:54  Probe x2  
  63  5:56  Archon  
  71  6:06  Probe  
  71  6:07  Pylon  
  70  6:13  Immortal (Chrono Boost)  
  70  6:17  Shield Battery  
  66  6:28  Stalker x3  
  72  6:33  Gateway  
  72  6:37  Shield Battery  
  70  6:55  Stalker x2  
  70  6:57  Stalker  
Show
View Real Time Build Order
Export as new Build Order

uThermal Terran 

Build Orders:  

Get SALT Encoding   

  12  0:00  SCV  
  13  0:12  SCV  
  14  0:17  Supply Depot  
  14  0:24  SCV  
  15  0:38  SCV  
  15  0:39  Barracks  
  16  0:43  Refinery  
  16  0:50  SCV  
  17  1:03  SCV  
  18  1:15  SCV  
  19  1:26  Barracks Reactor  
  19  1:27  Orbital Command  
  19  1:43  Command Center  
  19  1:53  SCV  
  20  1:55  Supply Depot  
  20  2:02  Marine x2  
  20  2:05  SCV  
  23  2:14  Factory  
  23  2:17  SCV  
  23  2:20  Marine  
  23  2:21  Marine  
  26  2:28  Refinery  
  26  2:30  SCV  
  27  2:38  Marine  
  27  2:39  Marine  
  27  2:43  SCV  
  30  2:55  Orbital Command  
  31  2:59  Starport  
  31  3:01  Marine  
  31  3:02  Marine  
  31  3:04  SCV  
  33  3:07  Factory Tech Lab  
  33  3:16  SCV  
  33  3:18  Marine  
  35  3:20  Marine  
  35  3:22  SCV  
  35  3:25  Siege Tank  
  40  3:33  SCV  
  41  3:34  Supply Depot  
  41  3:36  Medivac  
  41  3:38  Marine  
  41  3:39  Marine  
  45  3:42  SCV  
  46  3:52  Supply Depot  
  46  3:55  SCV x2  
  46  3:56  Marine  
  46  4:00  Siege Tank  
  52  4:08  SCV x2  
  54  4:14  Marine x2  
  54  4:16  Engineering Bay  
  56  4:17  Viking  
  56  4:20  SCV  
  58  4:25  SCV  
  58  4:27  Supply Depot  
  59  4:31  Marine x2  
  61  4:49  Marine x2, Siege Tank  
  63  4:54  Missile Turret  
  63  4:55  SCV  
  55  5:00  SCV  
  54  5:07  Marine x2, Liberator  
  54  5:09  SCV  
  59  5:16  Missile Turret  
  59  5:20  SCV  
  58  5:23  SCV  
  58  5:25  Marine x2  
  58  5:32  SCV  
  59  5:36  SCV  
  59  5:41  Siege Tank  
  63  5:43  Marine  
  63  5:44  SCV  
  63  5:48  Supply Depot  
  64  5:50  Marine  
  65  5:58  Supply Depot  
  65  6:00  Marine  
  63  6:12  Marine  
  63  6:13  Siege Tank  
  65  6:24  Marine  
  57  6:25  SCV  
  57  6:30  Marine  
  57  6:31  SCV  
  60  6:41  Marine  
  53  6:48  Marine  
  53  6:52  Bunker  
  56  6:56  Missile Turret  
  56  6:59  Marine  

Tags
 
Add a new tag
Caveats
  • Supply blocks, unpowered buildings, or Contaminate may cause inaccurate times.
  • Supply counts are checked every 10 seconds.